Moose vs Barracuda
(R1)
Created - March 7, 2024 at 22:13
Goals
|
| Moose |
2 |
3 |
4 |
9 |
| Barracuda |
1 |
1 |
4 |
6 |
|
Shots
|
| Moose |
11 |
17 |
16 |
44 |
| Barracuda |
6 |
20 |
17 |
43 |
|
1st period
1. Moose , Dylan Strome 45 (Mathieu Joseph 51) at 12:10
2. Moose , Dylan Strome 46 (Mathieu Joseph 52, Kyle Connor 20) at 15:43
3. Barracuda , Noah Gregor 12 (Eric Gustafsson 40, Cole Ully 18) at 18:16
Penalties :
Juuso Valimaki (Man) for Holding (Minor) at 4:51
2nd period
4. Barracuda , William Carrier 39 (Emil Pettersson 52) at 0:48
5. Moose , Tomas Jurco 7 (Nelson Nogier 6, Michael McLeod 39) at 3:52 (PP)
6. Moose , Ludwig Bystrom 10 (Dylan Strome 64) at 9:16
7. Moose , Mathieu Joseph 29 (Dylan Strome 65, Kyle Connor 21) at 16:03
Penalties :
Samuel Groulx (S.J) for Hooking (Minor) at 2:20, Eric Gustafsson (S.J) for Hooking (Minor) at 18:01
3rd period
8. Barracuda , Noah Gregor 13 (Cole Ully 19, Samuel Groulx 35) at 0:53
9. Barracuda , Emil Pettersson 28 (Thomas Gobeil 10) at 1:18
10. Moose , Mathieu Joseph 30 (Dylan Strome 66, Kyle Connor 22) at 3:50 (PP)
11. Moose , Boris Katchouk 11 (Jake Leschyshyn 6, Nelson Nogier 7) at 7:52
12. Moose , Mathieu Joseph 31 (Dylan Strome 67) at 10:23
13. Barracuda , Theodor Blueger 28 (Robin Norell 20, William Carrier 44) at 12:30 (SH)
14. Barracuda , Eric Gustafsson 10 (Emil Pettersson 53, William Carrier 45) at 15:00 (PP)
15. Moose , Dylan Strome 47 (Mathieu Joseph 53) at 17:07 (PP)
Penalties :
Jordan Gross (S.J) for Holding (Minor) at 3:41, Nikolai Kovalenko (S.J) for Hooking (Minor) at 11:30, Jake Leschyshyn (Man) for Hooking (Minor) at 14:14, Jordan Gross (S.J) for Holding (Minor) at 16:52, Ludwig Bystrom (Man) for Slashing (Minor) at 17:43
Goalie Stats
Daniel Vladar (Man), 37 saves from 43 shots - (0.860), W, 2-2-1, 60:00 minutes
Joacim Eriksson (S.J), 21 saves from 26 shots - (0.808), L, 7-7-1, 30:44 minutes
Joni Ortio (S.J), 14 saves from 18 shots - (0.778), 29:16 minutes
Players Stats for Moose
Player Name G A P +/- PIM S H SB GA TA FO MP PP MP PK MP
------------------------------------------------------------------------------------
Anders Bjork 0 0 0 1 0 0 1 0 2 1 0/0 9:17 0:00 0:34
Boris Katchouk 1 0 1 1 0 3 0 1 0 0 0/0 7:27 0:00 0:00
Caleb Jones 0 0 0 -1 0 0 1 4 0 0 0/0 13:04 0:00 2:16
Chase De Leo 0 0 0 0 0 5 1 0 0 0 4/4 8:42 0:00 0:00
Dylan Strome 3 4 7 3 0 9 1 0 0 0 25/52 24:23 2:53 2:55
Jake Leschyshyn 0 1 1 1 2 1 0 1 0 0 3/3 8:00 0:00 0:34
Josh Mahura 0 0 0 -1 0 0 1 0 0 0 0/0 10:51 0:00 0:00
Julien Gauthier 0 0 0 0 0 0 1 0 0 0 0/0 8:42 0:00 0:00
Juuso Valimaki 0 0 0 -1 2 1 1 0 1 2 0/0 17:57 2:23 0:45
Kieffer Bellows 0 0 0 1 0 0 1 0 0 0 0/0 7:27 0:00 0:00
Kyle Connor 0 3 3 3 0 11 1 3 0 1 0/1 24:23 2:53 2:55
Ludwig Bystrom 1 0 1 3 2 1 4 5 1 1 0/0 28:58 3:31 1:30
Mathieu Joseph 3 3 6 3 0 4 0 2 0 0 0/2 21:28 2:53 0:00
Matthew Benning 0 0 0 3 0 2 1 1 1 1 0/0 30:13 3:31 2:44
Michael McLeod 0 1 1 -3 0 4 0 0 1 0 4/9 18:54 3:01 1:15
Nelson Nogier 0 2 2 -2 0 0 0 0 0 2 0/0 19:14 2:23 2:13
Nikolay Goldobin 0 0 0 -3 0 2 1 0 2 0 0/1 18:54 3:01 1:15
Tomas Jurco 1 0 1 -3 0 1 3 0 1 0 0/1 17:19 3:01 0:00
Players Stats for Barracuda
Player Name G A P +/- PIM S H SB GA TA FO MP PP MP PK MP
------------------------------------------------------------------------------------
Alex Henriksson 0 0 0 0 0 0 0 0 0 0 0/0 7:05 0:06 0:42
Alex Lintuniemi 0 0 0 -1 0 1 0 0 0 1 0/0 11:35 0:00 0:48
Alexei Toropchenko 0 0 0 0 0 0 2 0 0 0 0/0 6:23 0:06 0:00
Cole Ully 0 2 2 2 0 0 0 1 0 0 0/0 10:41 0:06 0:00
Emil Pettersson 1 2 3 -2 0 6 0 1 1 1 26/50 25:05 2:49 3:53
Eric Gustafsson 1 1 2 1 2 5 2 2 1 2 0/0 28:51 3:25 3:07
Jaedon Descheneau 0 0 0 -2 0 2 0 0 0 0 0/0 16:09 1:49 0:00
Jordan Gross 0 0 0 -1 4 0 0 1 0 1 0/0 12:20 0:00 1:35
Kurtis Macdermid 0 0 0 -1 0 3 6 1 0 0 0/0 17:28 1:49 1:19
Kyle Platzer 0 0 0 0 0 1 0 0 0 0 0/1 6:28 0:00 0:24
Mac Hollowell 0 0 0 -1 0 0 2 4 0 1 0/0 20:31 1:19 2:35
Nikolai Kovalenko 0 0 0 2 2 0 1 0 0 0 0/0 10:26 0:00 0:00
Noah Gregor 2 0 2 2 0 4 1 0 0 0 3/7 10:22 0:00 0:00
Robin Norell 0 1 1 -2 0 0 1 1 0 1 0/0 17:51 1:19 0:48
Samuel Groulx 0 1 1 2 2 6 3 4 1 1 0/0 29:10 3:25 2:55
Theodor Blueger 1 0 1 -1 0 5 1 1 1 0 6/12 17:46 1:49 1:37
Thomas Gobeil 0 1 1 -2 0 2 2 0 2 1 0/0 20:45 2:49 0:00
William Carrier 1 2 3 -2 0 8 2 1 2 0 2/3 25:05 2:49 3:53
3 Stars
1 - Dylan Strome (Man)
2 - Mathieu Joseph (Man)
3 - Kyle Connor (Man)
Power Play
Moose - 3 on 5 Attempt(s) - 60.00%
Barracuda - 1 on 3 Attempt(s) - 33.33%
Penalty Kill
Moose - 2 on 3 Attempt(s) - 66.67%
- Score 0 goal in Penalty Kill
Barracuda - 2 on 5 Attempt(s) - 40.00%
- Score 1 goal in Penalty Kill
Team Stat
Moose - Hits : 18 - Faceoff Wins : 36 - Blocked Shots : 17 - Penalty Minutes : 6
Barracuda - Hits : 23 - Faceoff Wins : 37 - Blocked Shots : 17 - Penalty Minutes : 10
Official
Referees : Michael Markovic and Kevin Pollock
Linesman : Brandon Gawryletz and Brad Kovachik
Game Notes
Joacim Eriksson enters game at 9:16 of 2nd period
Mathieu Joseph has scored a Hat Trick!
Dylan Strome has scored a Hat Trick!
Finance
Level 1 -- Attendance: 2000 (100.00%) -- Ticket Income $140,000
Level 2 -- Attendance: 894 (89.40%) -- Ticket Income $35,760
Total Attendance: 2894 (96.47%)
Total Ticket Income: $175,760
Other Income: $8,788
Total Income: $184,548
Moose
5 vs 5 Forward
Center Left Wing Right Wing Time % Phy DF OF
1 Dylan Strome Kyle Connor Mathieu Joseph 40 1 2 2
2 Michael McLeod Nikolay Goldobin Tomas Jurco 30 1 2 2
3 Chase De Leo Anders Bjork Julien Gauthier 20 1 2 2
4 Jake Leschyshyn Boris Katchouk Kieffer Bellows 10 1 2 2
5 vs 5 Defense
Defense Defense Time % Phy DF OF
1 Ludwig Bystrom Matthew Benning 40 1 2 2
2 Juuso Valimaki Nelson Nogier 30 1 2 2
3 Caleb Jones Josh Mahura 20 1 2 2
4 Ludwig Bystrom Matthew Benning 10 1 2 2
PowerPlay Forward
Center Left Wing Right Wing Time % Phy DF OF
1 Dylan Strome Kyle Connor Mathieu Joseph 60 1 2 2
2 Michael McLeod Nikolay Goldobin Tomas Jurco 40 1 2 2
PowerPlay Defense
Defense Defense Time % Phy DF OF
1 Ludwig Bystrom Matthew Benning 60 1 2 2
2 Juuso Valimaki Nelson Nogier 40 1 2 2
Penalty Kill 4 Players Forward
Center Wing Time % Phy DF OF
1 Dylan Strome Kyle Connor 60 1 2 2
2 Michael McLeod Nikolay Goldobin 40 1 2 2
Penalty Kill 4 Players Defense
Defense Defense Time % Phy DF OF
1 Ludwig Bystrom Matthew Benning 60 1 2 2
2 Juuso Valimaki Nelson Nogier 40 1 2 2
Penalty Kill - 3 Players Forward
Forward Time % Phy DF OF
1 Dylan Strome 60 1 2 2
2 Michael McLeod 40 1 2 2
Penalty Kill - 3 Players Defense
Defense Defense Time % Phy DF OF
1 Ludwig Bystrom Matthew Benning 60 1 2 2
2 Juuso Valimaki Nelson Nogier 40 1 2 2
4 vs 4 Forward
Center Wing Time % Phy DF OF
1 Dylan Strome Kyle Connor 60 1 2 2
2 Michael McLeod Nikolay Goldobin 40 1 2 2
4 vs 4 Defense
Defense Defense Time % Phy DF OF
1 Ludwig Bystrom Matthew Benning 60 1 2 2
2 Juuso Valimaki Nelson Nogier 40 1 2 2
Last Minutes Offensive
Center Left Wing Right Wing Defense Defense
Dylan Strome Kyle Connor Mathieu Joseph Ludwig Bystrom Matthew Benning
Last Minutes Defensive
Center Left Wing Right Wing Defense Defense
Dylan Strome Kyle Connor Mathieu Joseph Ludwig Bystrom Matthew Benning
Goaltenders
Starting : Daniel Vladar
Backup : Filip Gustavsson
Extra Forwards
Normal : Dylan Strome, Michael McLeod, Chase De Leo - PP : Dylan Strome, Michael McLeod - PK : Dylan Strome
Extra Defensemen
Normal : Nelson Nogier, Caleb Jones, Josh Mahura - PP : Nelson Nogier - PK : Nelson Nogier, Caleb Jones
Penalty Shots
Kyle Connor, Mathieu Joseph, Tomas Jurco, Nikolay Goldobin, Dylan Strome
Custom OT Lines Forwards
Kyle Connor, Mathieu Joseph, Tomas Jurco, Nikolay Goldobin, Dylan Strome, Michael McLeod, Chase De Leo, Anders Bjork, Julien Gauthier, Boris Katchouk
Custom OT Lines Defensemen
Ludwig Bystrom, Matthew Benning, Juuso Valimaki, Nelson Nogier, Caleb Jones
Scratches
Vinni Lettieri (Strained Right Elbow Injury), Riley Damiani (Healthy), Alexander Khovanov (Healthy), Mitchell Stephens (Healthy), Nick Merkley (Healthy)
Jonathan Kovacevic (Healthy), Joey Keane (Healthy), Adam Ginning (Healthy), Jonny Tychonick (Healthy), Max Jones (Healthy)
Nathan Bastian (Healthy), William Bitten (Healthy), Jonatan Berggren (Healthy), Joey Daccord (Healthy), Karel Vejmelka (Healthy)
Barracuda
5 vs 5 Forward
Center Left Wing Right Wing Time % Phy DF OF
1 Emil Pettersson William Carrier Thomas Gobeil 40 1 2 2
2 Theodor Blueger Kurtis Macdermid Jaedon Descheneau 30 1 2 2
3 Noah Gregor Cole Ully Nikolai Kovalenko 20 1 2 2
4 Kyle Platzer Alex Henriksson Alexei Toropchenko 10 1 2 2
5 vs 5 Defense
Defense Defense Time % Phy DF OF
1 Eric Gustafsson Samuel Groulx 40 1 2 2
2 Robin Norell Mac Hollowell 30 1 2 2
3 Jordan Gross Alex Lintuniemi 20 1 2 2
4 Eric Gustafsson Samuel Groulx 10 1 2 2
PowerPlay Forward
Center Left Wing Right Wing Time % Phy DF OF
1 Emil Pettersson William Carrier Thomas Gobeil 60 1 2 2
2 Theodor Blueger Kurtis Macdermid Jaedon Descheneau 40 1 2 2
PowerPlay Defense
Defense Defense Time % Phy DF OF
1 Eric Gustafsson Samuel Groulx 60 1 2 2
2 Robin Norell Mac Hollowell 40 1 2 2
Penalty Kill 4 Players Forward
Center Wing Time % Phy DF OF
1 Emil Pettersson William Carrier 60 1 2 2
2 Theodor Blueger Kurtis Macdermid 40 1 2 2
Penalty Kill 4 Players Defense
Defense Defense Time % Phy DF OF
1 Eric Gustafsson Samuel Groulx 60 1 2 2
2 Robin Norell Mac Hollowell 40 1 2 2
Penalty Kill - 3 Players Forward
Forward Time % Phy DF OF
1 Emil Pettersson 60 1 2 2
2 Theodor Blueger 40 1 2 2
Penalty Kill - 3 Players Defense
Defense Defense Time % Phy DF OF
1 Eric Gustafsson Samuel Groulx 60 1 2 2
2 Robin Norell Mac Hollowell 40 1 2 2
4 vs 4 Forward
Center Wing Time % Phy DF OF
1 Emil Pettersson William Carrier 60 1 2 2
2 Theodor Blueger Kurtis Macdermid 40 1 2 2
4 vs 4 Defense
Defense Defense Time % Phy DF OF
1 Eric Gustafsson Samuel Groulx 60 1 2 2
2 Robin Norell Mac Hollowell 40 1 2 2
Last Minutes Offensive
Center Left Wing Right Wing Defense Defense
Emil Pettersson William Carrier Thomas Gobeil Eric Gustafsson Samuel Groulx
Last Minutes Defensive
Center Left Wing Right Wing Defense Defense
Emil Pettersson William Carrier Thomas Gobeil Eric Gustafsson Samuel Groulx
Goaltenders
Starting : Joni Ortio
Backup : Joacim Eriksson
Extra Forwards
Normal : Theodor Blueger, Alex Henriksson, Noah Gregor - PP : Theodor Blueger, Alex Henriksson - PK : Theodor Blueger
Extra Defensemen
Normal : Mac Hollowell, Jordan Gross, Alex Lintuniemi - PP : Mac Hollowell - PK : Mac Hollowell, Jordan Gross
Penalty Shots
William Carrier, Kurtis Macdermid, Emil Pettersson, Cole Ully, Theodor Blueger
Custom OT Lines Forwards
William Carrier, Kurtis Macdermid, Emil Pettersson, Cole Ully, Theodor Blueger, Alex Henriksson, Noah Gregor, Kyle Platzer, Thomas Gobeil, Jaedon Descheneau
Custom OT Lines Defensemen
Eric Gustafsson, Samuel Groulx, Robin Norell, Mac Hollowell, Jordan Gross
Scratches
Aleksi Heponiemi (Healthy), Ben Jones (Healthy), Jacob Peterson (Healthy), Scott Reedy (Healthy), Mario Lucia (Broken Bone (Right Ankle) Injury)
Ryan Merkley (Healthy), Bode Wilde (Healthy), Logan Stanley (Right Ankle Injury), Dennis Cholowski (Healthy), Kevin Mandolese (Healthy)
% Time on Ice - Moose
Lines # - Real PCT - Wanted PCT - Time Play
Normal Forward
1 - 38% - 40% - 18:35
2 - 30% - 30% - 14:38
3 - 18% - 20% - 8:42
4 - 15% - 10% - 7:27
Normal Defense
1 - 42% - 40% - 20:48
2 - 30% - 30% - 14:59
3 - 20% - 20% - 10:07
4 - 7% - 10% - 3:28
PP Forward
1 - 49% - 60% - 2:53
2 - 51% - 40% - 3:01
PP Defense
1 - 60% - 60% - 3:31
2 - 40% - 40% - 2:23
PK Forward
1 - 74% - 60% - 3:29
2 - 26% - 40% - 1:15
PK Defense
1 - 67% - 60% - 3:11
2 - 33% - 40% - 1:33
PK3 Forward
1 - 0% - 60%
2 - 0% - 40%
PK3 Defense
1 - 0% - 60%
2 - 0% - 40%
44 Forward
1 - 0% - 60%
2 - 0% - 40%
44 Defense
1 - 0% - 60%
2 - 0% - 40%
Last Minute Offensive - 0:00
Last Minute Defensive - 0:00
Total
Forward - 60:00
Defense - 60:00
|
% Time on Ice - Barracuda
Lines # - Real PCT - Wanted PCT - Time Play
Normal Forward
1 - 38% - 40% - 18:36
2 - 29% - 30% - 14:20
3 - 21% - 20% - 10:22
4 - 12% - 10% - 6:04
Normal Defense
1 - 40% - 40% - 19:36
2 - 32% - 30% - 15:44
3 - 22% - 20% - 10:47
4 - 7% - 10% - 3:15
PP Forward
1 - 62% - 60% - 2:55
2 - 38% - 40% - 1:49
PP Defense
1 - 72% - 60% - 3:25
2 - 28% - 40% - 1:19
PK Forward
1 - 78% - 60% - 4:35
2 - 22% - 40% - 1:19
PK Defense
1 - 86% - 60% - 5:06
2 - 14% - 40% - 0:48
PK3 Forward
1 - 0% - 60%
2 - 0% - 40%
PK3 Defense
1 - 0% - 60%
2 - 0% - 40%
44 Forward
1 - 0% - 60%
2 - 0% - 40%
44 Defense
1 - 0% - 60%
2 - 0% - 40%
Last Minute Offensive - 0:00
Last Minute Defensive - 0:00
Total
Forward - 60:00
Defense - 60:00
|
Play-by-Play
1st period
0:01 of 1st period - Emil Pettersson wins face-off versus Dylan Strome in neutral zone.
0:26 of 1st period - Ludwig Bystrom is hit by Kurtis Macdermid and loses puck.
0:53 of 1st period - Wrist shot by Chase De Leo.
0:53 of 1st period - Stopped by Joni Ortio with a rebound.
0:55 of 1st period - Slapshot by Matthew Benning.
0:55 of 1st period - Deflect By Robin Norell.
0:55 of 1st period - Stopped by Joni Ortio with a rebound.
0:57 of 1st period - Snap shot by Anders Bjork.
0:57 of 1st period - Shot Misses the Net.
0:59 of 1st period - Slapshot by Matthew Benning.
0:59 of 1st period - Stopped by Joni Ortio without a rebound.
1:00 of 1st period - Jake Leschyshyn wins face-off versus Kyle Platzer in Barracuda zone.
1:11 of 1st period - Wrist shot by Kyle Platzer.
1:11 of 1st period - Stopped by Daniel Vladar with a rebound.
1:13 of 1st period - Snap shot by Alex Lintuniemi.
1:13 of 1st period - Stopped by Daniel Vladar with a rebound.
1:15 of 1st period - Slapshot by Alex Lintuniemi.
1:15 of 1st period - Shot Misses the Net.
1:49 of 1st period - Wrist shot by Kyle Connor.
1:49 of 1st period - Shot Misses the Net.
1:51 of 1st period - Wrist shot by Kyle Connor.
1:51 of 1st period - Shot Blocked by William Carrier.
1:53 of 1st period - Snap shot by Dylan Strome.
1:53 of 1st period - Stopped by Joni Ortio with a rebound.
2:09 of 1st period - Caleb Jones is hit by Samuel Groulx and loses puck.
3:41 of 1st period - Snap shot by Kyle Platzer.
3:41 of 1st period - Shot Misses the Net.
4:15 of 1st period - Wrist shot by Kyle Connor.
4:15 of 1st period - Shot Misses the Net.
4:51 of 1st period - Minor Penalty to Juuso Valimaki for Holding.
4:52 of 1st period - Dylan Strome wins face-off versus Emil Pettersson in Moose zone.
6:50 of 1st period - Mac Hollowell is hit by Nikolay Goldobin and loses puck.
6:51 of 1st period - Penalty to Juuso Valimaki is over, Juuso Valimaki is back on ice.
7:34 of 1st period - Alex Lintuniemi is hit by Kieffer Bellows and loses puck.
8:14 of 1st period - Ludwig Bystrom is hit by Theodor Blueger and loses puck.
11:24 of 1st period - Cole Ully is hit by Julien Gauthier and loses puck.
11:33 of 1st period - Matthew Benning is hit by Eric Gustafsson.
11:43 of 1st period - Michael McLeod is hit by Kurtis Macdermid and loses puck.
11:50 of 1st period - Robin Norell is hit by Tomas Jurco and loses puck.
12:05 of 1st period - Emil Pettersson is hit by Caleb Jones and loses puck.
12:10 of 1st period - Wrist shot by Dylan Strome.
12:10 of 1st period - Goal by Dylan Strome - Moose : 1 - Barracuda : 0.
12:11 of 1st period - Emil Pettersson wins face-off versus Dylan Strome in neutral zone.
12:46 of 1st period - Wrist shot by Kurtis Macdermid.
12:46 of 1st period - Stopped by Daniel Vladar with a rebound.
13:00 of 1st period - Wrist shot by Cole Ully.
13:00 of 1st period - Deflect By Julien Gauthier.
13:00 of 1st period - Shot Misses the Net.
13:00 of 1st period - Puck is out of play.
13:01 of 1st period - Chase De Leo wins face-off versus Emil Pettersson in Moose zone.
13:20 of 1st period - Slapshot by Chase De Leo.
13:20 of 1st period - Stopped by Joni Ortio without a rebound.
13:21 of 1st period - Dylan Strome wins face-off versus Theodor Blueger in Barracuda zone.
13:34 of 1st period - Wrist shot by Dylan Strome.
13:34 of 1st period - Shot Blocked by Kurtis Macdermid.
13:46 of 1st period - Wrist shot by Michael McLeod.
13:46 of 1st period - Stopped by Joni Ortio with a rebound.
14:08 of 1st period - Cole Ully is hit by Ludwig Bystrom and loses puck.
14:13 of 1st period - Slapshot by Chase De Leo.
14:13 of 1st period - Stopped by Joni Ortio without a rebound.
14:14 of 1st period - Emil Pettersson wins face-off versus Dylan Strome in Barracuda zone.
14:29 of 1st period - Slapshot by Mathieu Joseph.
14:29 of 1st period - Shot Misses the Net.
14:39 of 1st period - Tomas Jurco is hit by Kurtis Macdermid and loses puck.
14:48 of 1st period - Slapshot by Eric Gustafsson.
14:48 of 1st period - Shot Misses the Net.
14:50 of 1st period - Slapshot by Kurtis Macdermid.
14:50 of 1st period - Deflect By Theodor Blueger.
14:50 of 1st period - Shot Misses the Net.
14:50 of 1st period - Puck is out of play.
14:51 of 1st period - Dylan Strome wins face-off versus Noah Gregor in Moose zone.
14:51 of 1st period - Dylan Strome is hit by Nikolai Kovalenko.
15:43 of 1st period - Snap shot by Mathieu Joseph.
15:43 of 1st period - Deflect By Dylan Strome.
15:43 of 1st period - Goal by Dylan Strome - Moose : 2 - Barracuda : 0.
15:44 of 1st period - Emil Pettersson wins face-off versus Nikolay Goldobin in neutral zone.
16:52 of 1st period - Mathieu Joseph is hit by Mac Hollowell and loses puck.
17:17 of 1st period - Ludwig Bystrom is hit by Thomas Gobeil and loses puck.
18:16 of 1st period - Snap shot by Noah Gregor.
18:16 of 1st period - Goal by Noah Gregor - Moose : 2 - Barracuda : 1.
18:17 of 1st period - Emil Pettersson wins face-off versus Kyle Connor in neutral zone.
18:28 of 1st period - Wrist shot by William Carrier.
18:28 of 1st period - Stopped by Daniel Vladar with a rebound.
18:30 of 1st period - Slapshot by Robin Norell.
18:30 of 1st period - Shot Blocked by Kyle Connor.
18:42 of 1st period - Michael McLeod is hit by Kurtis Macdermid and loses puck.
19:27 of 1st period - Slapshot by William Carrier.
19:27 of 1st period - Stopped by Daniel Vladar without a rebound.
19:28 of 1st period - William Carrier wins face-off versus Dylan Strome in Moose zone.
19:29 of 1st period - Slapshot by Eric Gustafsson.
19:29 of 1st period - Shot Blocked by Caleb Jones.
19:37 of 1st period - Wrist shot by Kyle Connor.
19:37 of 1st period - Shot Blocked by Samuel Groulx.
19:39 of 1st period - Slapshot by Kyle Connor.
19:39 of 1st period - Stopped by Joni Ortio with a rebound.
19:41 of 1st period - Snap shot by Kyle Connor.
19:41 of 1st period - Stopped by Joni Ortio without a rebound.
19:42 of 1st period - Dylan Strome wins face-off versus Emil Pettersson in Barracuda zone.
19:47 of 1st period - Wrist shot by Dylan Strome.
19:47 of 1st period - Shot Blocked by Eric Gustafsson.
Goals for this period are 2 for Moose vs 1 for Barracuda.
Shots for this period are 11 for Moose vs 6 for Barracuda.
2nd period
0:01 of 2nd period - Emil Pettersson wins face-off versus Dylan Strome in neutral zone.
0:06 of 2nd period - Snap shot by William Carrier.
0:06 of 2nd period - Deflect By Thomas Gobeil.
0:06 of 2nd period - Shot Misses the Net.
0:06 of 2nd period - Puck is out of play.
0:07 of 2nd period - Emil Pettersson wins face-off versus Dylan Strome in Moose zone.
0:42 of 2nd period - Snap shot by Theodor Blueger.
0:42 of 2nd period - Stopped by Daniel Vladar without a rebound.
0:43 of 2nd period - Emil Pettersson wins face-off versus Dylan Strome in Moose zone.
0:46 of 2nd period - Snap shot by Emil Pettersson.
0:46 of 2nd period - Shot Misses the Net.
0:48 of 2nd period - Snap shot by William Carrier.
0:48 of 2nd period - Goal by William Carrier - Moose : 2 - Barracuda : 2.
0:49 of 2nd period - Dylan Strome wins face-off versus Emil Pettersson in neutral zone.
1:39 of 2nd period - Snap shot by Jake Leschyshyn.
1:39 of 2nd period - Stopped by Joni Ortio with a rebound.
1:41 of 2nd period - Snap shot by Boris Katchouk.
1:41 of 2nd period - Stopped by Joni Ortio without a rebound.
1:42 of 2nd period - Jake Leschyshyn wins face-off versus Emil Pettersson in Barracuda zone.
1:43 of 2nd period - Wrist shot by Boris Katchouk.
1:43 of 2nd period - Stopped by Joni Ortio with a rebound.
1:49 of 2nd period - Wrist shot by Emil Pettersson.
1:49 of 2nd period - Stopped by Daniel Vladar with a rebound.
1:51 of 2nd period - Snap shot by Thomas Gobeil.
1:51 of 2nd period - Shot Blocked by Caleb Jones.
1:53 of 2nd period - Snap shot by William Carrier.
1:53 of 2nd period - Shot Blocked by Caleb Jones.
1:55 of 2nd period - Slapshot by Mac Hollowell.
1:55 of 2nd period - Deflect By William Carrier.
1:55 of 2nd period - Shot Misses the Net.
1:55 of 2nd period - Puck is out of play.
1:56 of 2nd period - Theodor Blueger wins face-off versus Dylan Strome in Moose zone.
2:03 of 2nd period - Snap shot by Theodor Blueger.
2:03 of 2nd period - Shot Misses the Net.
2:05 of 2nd period - Slapshot by Jaedon Descheneau.
2:05 of 2nd period - Shot Blocked by Mathieu Joseph.
2:07 of 2nd period - Snap shot by Robin Norell.
2:07 of 2nd period - Shot Misses the Net.
2:09 of 2nd period - Slapshot by Robin Norell.
2:09 of 2nd period - Deflect By Theodor Blueger.
2:09 of 2nd period - Stopped by Daniel Vladar without a rebound.
2:10 of 2nd period - Emil Pettersson wins face-off versus Dylan Strome in Moose zone.
2:20 of 2nd period - Minor Penalty to Samuel Groulx for Hooking.
2:21 of 2nd period - Emil Pettersson wins face-off versus Dylan Strome in Barracuda zone.
2:21 of 2nd period - Emil Pettersson is hit by Ludwig Bystrom.
2:27 of 2nd period - William Carrier is hit by Matthew Benning.
2:35 of 2nd period - Slapshot by Dylan Strome.
2:35 of 2nd period - Stopped by Joni Ortio with a rebound.
2:37 of 2nd period - Snap shot by Kyle Connor.
2:37 of 2nd period - Shot Misses the Net.
3:00 of 2nd period - Icing by Tomas Jurco.
3:01 of 2nd period - Michael McLeod wins face-off versus Theodor Blueger in Moose zone.
3:50 of 2nd period - Slapshot by Michael McLeod.
3:50 of 2nd period - Shot Blocked by Mac Hollowell.
3:52 of 2nd period - Snap shot by Nelson Nogier.
3:52 of 2nd period - Deflect By Tomas Jurco.
3:52 of 2nd period - Goal by Tomas Jurco - Moose : 3 - Barracuda : 2.
3:53 of 2nd period - Theodor Blueger wins face-off versus Dylan Strome in neutral zone.
4:25 of 2nd period - Wrist shot by Boris Katchouk.
4:25 of 2nd period - Shot Misses the Net.
4:27 of 2nd period - Snap shot by Matthew Benning.
4:27 of 2nd period - Shot Blocked by Cole Ully.
4:29 of 2nd period - Slapshot by Ludwig Bystrom.
4:29 of 2nd period - Deflect By Kieffer Bellows.
4:29 of 2nd period - Shot Blocked by Jordan Gross.
4:29 of 2nd period - Puck is out of play.
4:30 of 2nd period - Emil Pettersson wins face-off versus Dylan Strome in Barracuda zone.
4:30 of 2nd period - Emil Pettersson is hit by Kyle Connor.
4:41 of 2nd period - Off-side.
4:42 of 2nd period - Emil Pettersson wins face-off versus Dylan Strome in neutral zone.
4:51 of 2nd period - Wrist shot by Emil Pettersson.
4:51 of 2nd period - Stopped by Daniel Vladar with a rebound.
4:53 of 2nd period - Slapshot by Samuel Groulx.
4:53 of 2nd period - Shot Blocked by Ludwig Bystrom.
4:55 of 2nd period - Snap shot by Thomas Gobeil.
4:55 of 2nd period - Stopped by Daniel Vladar with a rebound.
4:57 of 2nd period - Backhand shot by Samuel Groulx.
4:57 of 2nd period - Shot Misses the Net.
5:16 of 2nd period - Michael McLeod is hit by Kurtis Macdermid and loses puck.
5:35 of 2nd period - Snap shot by Chase De Leo.
5:35 of 2nd period - Stopped by Joni Ortio without a rebound.
5:36 of 2nd period - Emil Pettersson wins face-off versus Mathieu Joseph in Barracuda zone.
5:49 of 2nd period - Snap shot by Emil Pettersson.
5:49 of 2nd period - Deflect By William Carrier.
5:49 of 2nd period - Stopped by Daniel Vladar with a rebound.
6:10 of 2nd period - Slapshot by Kurtis Macdermid.
6:10 of 2nd period - Stopped by Daniel Vladar without a rebound.
6:11 of 2nd period - Dylan Strome wins face-off versus Emil Pettersson in Moose zone.
6:11 of 2nd period - Dylan Strome is hit by William Carrier.
6:27 of 2nd period - Wrist shot by Dylan Strome.
6:27 of 2nd period - Shot Blocked by Mac Hollowell.
6:39 of 2nd period - Wrist shot by Robin Norell.
6:39 of 2nd period - Deflect By Theodor Blueger.
6:39 of 2nd period - Shot Blocked by Ludwig Bystrom.
6:39 of 2nd period - Puck is out of play.
6:40 of 2nd period - Michael McLeod wins face-off versus Theodor Blueger in Moose zone.
6:45 of 2nd period - Wrist shot by Theodor Blueger.
6:45 of 2nd period - Stopped by Daniel Vladar with a rebound.
6:53 of 2nd period - Wrist shot by Kurtis Macdermid.
6:53 of 2nd period - Deflect By Theodor Blueger.
6:53 of 2nd period - Stopped by Daniel Vladar with a rebound.
6:55 of 2nd period - Wrist shot by Jaedon Descheneau.
6:55 of 2nd period - Stopped by Daniel Vladar with a rebound.
7:09 of 2nd period - Snap shot by Noah Gregor.
7:09 of 2nd period - Stopped by Daniel Vladar without a rebound.
7:10 of 2nd period - Noah Gregor wins face-off versus Dylan Strome in Moose zone.
8:44 of 2nd period - Slapshot by Boris Katchouk.
8:44 of 2nd period - Deflect By Eric Gustafsson.
8:44 of 2nd period - Shot Blocked by Samuel Groulx.
8:44 of 2nd period - Puck is out of play.
8:45 of 2nd period - Emil Pettersson wins face-off versus Tomas Jurco in Barracuda zone.
9:11 of 2nd period - Mac Hollowell is hit by Josh Mahura and loses puck.
9:16 of 2nd period - Slapshot by Ludwig Bystrom.
9:16 of 2nd period - Goal by Ludwig Bystrom - Moose : 4 - Barracuda : 2.
9:16 of 2nd period - Joacim Eriksson enters game.
9:17 of 2nd period - Dylan Strome wins face-off versus Emil Pettersson in neutral zone.
9:19 of 2nd period - Matthew Benning is hit by Eric Gustafsson and loses puck.
10:44 of 2nd period - Ludwig Bystrom is hit by Alexei Toropchenko and loses puck.
11:03 of 2nd period - Jaedon Descheneau is hit by Tomas Jurco and loses puck.
11:42 of 2nd period - Snap shot by Alex Henriksson.
11:42 of 2nd period - Shot Misses the Net.
12:02 of 2nd period - Snap shot by Dylan Strome.
12:02 of 2nd period - Shot Blocked by Theodor Blueger.
12:16 of 2nd period - Slapshot by Michael McLeod.
12:16 of 2nd period - Stopped by Joacim Eriksson with a rebound.
12:47 of 2nd period - Chase De Leo is hit by William Carrier and loses puck.
13:28 of 2nd period - Mathieu Joseph is hit by Kurtis Macdermid and loses puck.
13:39 of 2nd period - Matthew Benning is hit by Noah Gregor and loses puck.
13:44 of 2nd period - Wrist shot by Noah Gregor.
13:44 of 2nd period - Stopped by Daniel Vladar with a rebound.
13:46 of 2nd period - Wrist shot by Nikolai Kovalenko.
13:46 of 2nd period - Shot Misses the Net.
13:48 of 2nd period - Snap shot by Nikolai Kovalenko.
13:48 of 2nd period - Deflect By Kyle Connor.
13:48 of 2nd period - Shot Misses the Net.
13:48 of 2nd period - Puck is out of play.
13:49 of 2nd period - Emil Pettersson wins face-off versus Michael McLeod in Moose zone.
14:22 of 2nd period - Slapshot by Anders Bjork.
14:22 of 2nd period - Shot Blocked by Mac Hollowell.
14:24 of 2nd period - Snap shot by Chase De Leo.
14:24 of 2nd period - Shot Blocked by Robin Norell.
14:26 of 2nd period - Wrist shot by Juuso Valimaki.
14:26 of 2nd period - Stopped by Joacim Eriksson with a rebound.
14:36 of 2nd period - Snap shot by Cole Ully.
14:36 of 2nd period - Shot Misses the Net.
14:56 of 2nd period - Tomas Jurco is hit by Alexei Toropchenko and loses puck.
15:01 of 2nd period - Snap shot by Eric Gustafsson.
15:01 of 2nd period - Stopped by Daniel Vladar with a rebound.
15:03 of 2nd period - Slapshot by Samuel Groulx.
15:03 of 2nd period - Stopped by Daniel Vladar with a rebound.
15:05 of 2nd period - Backhand shot by Samuel Groulx.
15:05 of 2nd period - Stopped by Daniel Vladar without a rebound.
15:06 of 2nd period - Emil Pettersson wins face-off versus Dylan Strome in Moose zone.
15:07 of 2nd period - Snap shot by William Carrier.
15:07 of 2nd period - Shot Blocked by Caleb Jones.
15:09 of 2nd period - Snap shot by Emil Pettersson.
15:09 of 2nd period - Stopped by Daniel Vladar with a rebound.
15:11 of 2nd period - Wrist shot by Thomas Gobeil.
15:11 of 2nd period - Shot Misses the Net.
15:13 of 2nd period - Backhand shot by Eric Gustafsson.
15:13 of 2nd period - Stopped by Daniel Vladar with a rebound.
15:15 of 2nd period - Snap shot by Thomas Gobeil.
15:15 of 2nd period - Shot Blocked by Kyle Connor.
15:17 of 2nd period - Backhand shot by William Carrier.
15:17 of 2nd period - Stopped by Daniel Vladar with a rebound.
15:19 of 2nd period - Snap shot by Emil Pettersson.
15:19 of 2nd period - Shot Misses the Net.
15:21 of 2nd period - Slapshot by Samuel Groulx.
15:21 of 2nd period - Stopped by Daniel Vladar without a rebound.
15:22 of 2nd period - Theodor Blueger wins face-off versus Michael McLeod in Moose zone.
15:49 of 2nd period - Off-side.
15:50 of 2nd period - Dylan Strome wins face-off versus Emil Pettersson in neutral zone.
16:01 of 2nd period - Slapshot by Dylan Strome.
16:01 of 2nd period - Stopped by Joacim Eriksson with a rebound.
16:03 of 2nd period - Snap shot by Mathieu Joseph.
16:03 of 2nd period - Goal by Mathieu Joseph - Moose : 5 - Barracuda : 2.
16:04 of 2nd period - Dylan Strome wins face-off versus Emil Pettersson in neutral zone.
16:11 of 2nd period - Wrist shot by Dylan Strome.
16:11 of 2nd period - Stopped by Joacim Eriksson with a rebound.
16:13 of 2nd period - Snap shot by Mathieu Joseph.
16:13 of 2nd period - Shot Blocked by Samuel Groulx.
16:15 of 2nd period - Slapshot by Matthew Benning.
16:15 of 2nd period - Shot Misses the Net.
16:17 of 2nd period - Backhand shot by Kyle Connor.
16:17 of 2nd period - Stopped by Joacim Eriksson without a rebound.
16:18 of 2nd period - Theodor Blueger wins face-off versus Dylan Strome in Barracuda zone.
16:59 of 2nd period - Icing by Matthew Benning.
17:00 of 2nd period - Noah Gregor wins face-off versus Michael McLeod in Moose zone.
17:31 of 2nd period - Snap shot by Emil Pettersson.
17:31 of 2nd period - Deflect By Thomas Gobeil.
17:31 of 2nd period - Shot Misses the Net.
17:31 of 2nd period - Puck is out of play.
17:32 of 2nd period - Dylan Strome wins face-off versus Emil Pettersson in Moose zone.
17:44 of 2nd period - Wrist shot by Kyle Connor.
17:44 of 2nd period - Deflect By Samuel Groulx.
17:44 of 2nd period - Shot Blocked by Emil Pettersson.
17:44 of 2nd period - Puck is out of play.
17:45 of 2nd period - Dylan Strome wins face-off versus Emil Pettersson in Barracuda zone.
17:46 of 2nd period - Wrist shot by Kyle Connor.
17:46 of 2nd period - Stopped by Joacim Eriksson without a rebound.
17:47 of 2nd period - Dylan Strome wins face-off versus Emil Pettersson in Barracuda zone.
17:52 of 2nd period - Slapshot by Kyle Connor.
17:52 of 2nd period - Stopped by Joacim Eriksson with a rebound.
17:54 of 2nd period - Slapshot by Nelson Nogier.
17:54 of 2nd period - Shot Blocked by Eric Gustafsson.
17:56 of 2nd period - Snap shot by Kyle Connor.
17:56 of 2nd period - Stopped by Joacim Eriksson with a rebound.
17:58 of 2nd period - Snap shot by Kyle Connor.
17:58 of 2nd period - Stopped by Joacim Eriksson without a rebound.
17:59 of 2nd period - Emil Pettersson wins face-off versus Dylan Strome in Barracuda zone.
18:01 of 2nd period - Minor Penalty to Eric Gustafsson for Hooking.
18:02 of 2nd period - Emil Pettersson wins face-off versus Dylan Strome in Barracuda zone.
18:02 of 2nd period - Emil Pettersson is hit by Dylan Strome.
Goals for this period are 3 for Moose vs 1 for Barracuda.
Shots for this period are 17 for Moose vs 20 for Barracuda.
3rd period
0:01 of 3rd period - Penalty to Eric Gustafsson is over, Eric Gustafsson is back on ice.
0:01 of 3rd period - Dylan Strome wins face-off versus Emil Pettersson in neutral zone.
0:04 of 3rd period - Slapshot by Mathieu Joseph.
0:04 of 3rd period - Shot Misses the Net.
0:06 of 3rd period - Snap shot by Mathieu Joseph.
0:06 of 3rd period - Stopped by Joacim Eriksson with a rebound.
0:53 of 3rd period - Wrist shot by Noah Gregor.
0:53 of 3rd period - Goal by Noah Gregor - Moose : 5 - Barracuda : 3.
0:54 of 3rd period - Emil Pettersson wins face-off versus Dylan Strome in neutral zone.
0:56 of 3rd period - Off-side.
0:57 of 3rd period - Dylan Strome wins face-off versus Emil Pettersson in neutral zone.
1:08 of 3rd period - Slapshot by Kyle Connor.
1:08 of 3rd period - Stopped by Joacim Eriksson without a rebound.
1:09 of 3rd period - Emil Pettersson wins face-off versus Dylan Strome in Barracuda zone.
1:16 of 3rd period - Snap shot by Emil Pettersson.
1:16 of 3rd period - Shot Hit the Post.
1:18 of 3rd period - Snap shot by Emil Pettersson.
1:18 of 3rd period - Goal by Emil Pettersson - Moose : 5 - Barracuda : 4.
1:19 of 3rd period - Dylan Strome wins face-off versus William Carrier in neutral zone.
1:30 of 3rd period - Wrist shot by Emil Pettersson.
1:30 of 3rd period - Shot Blocked by Kyle Connor.
1:32 of 3rd period - Wrist shot by Thomas Gobeil.
1:32 of 3rd period - Shot Blocked by Matthew Benning.
1:34 of 3rd period - Slapshot by Samuel Groulx.
1:34 of 3rd period - Stopped by Daniel Vladar with a rebound.
1:44 of 3rd period - Samuel Groulx is hit by Ludwig Bystrom.
2:12 of 3rd period - Nikolai Kovalenko is hit by Tomas Jurco and loses puck.
3:26 of 3rd period - Icing by Alex Lintuniemi.
3:27 of 3rd period - Chase De Leo wins face-off versus Theodor Blueger in Barracuda zone.
3:41 of 3rd period - Minor Penalty to Jordan Gross for Holding.
3:42 of 3rd period - Dylan Strome wins face-off versus Emil Pettersson in Barracuda zone.
3:50 of 3rd period - Snap shot by Mathieu Joseph.
3:50 of 3rd period - Goal by Mathieu Joseph - Moose : 6 - Barracuda : 4.
3:51 of 3rd period - Emil Pettersson wins face-off versus Dylan Strome in neutral zone.
4:07 of 3rd period - Wrist shot by Mathieu Joseph.
4:07 of 3rd period - Shot Misses the Net.
4:17 of 3rd period - Emil Pettersson is hit by Chase De Leo.
5:03 of 3rd period - Off-side.
5:04 of 3rd period - Jake Leschyshyn wins face-off versus Noah Gregor in neutral zone.
5:17 of 3rd period - Snap shot by Samuel Groulx.
5:17 of 3rd period - Deflect By Boris Katchouk.
5:17 of 3rd period - Stopped by Daniel Vladar without a rebound.
5:18 of 3rd period - Theodor Blueger wins face-off versus Dylan Strome in Moose zone.
5:31 of 3rd period - Slapshot by Eric Gustafsson.
5:31 of 3rd period - Stopped by Daniel Vladar with a rebound.
5:57 of 3rd period - Off-side.
5:58 of 3rd period - Chase De Leo wins face-off versus Noah Gregor in neutral zone.
6:23 of 3rd period - Dylan Strome is hit by Thomas Gobeil and loses puck.
6:32 of 3rd period - Snap shot by Emil Pettersson.
6:32 of 3rd period - Stopped by Daniel Vladar with a rebound.
7:11 of 3rd period - Wrist shot by Kyle Platzer.
7:11 of 3rd period - Shot Blocked by Boris Katchouk.
7:16 of 3rd period - Eric Gustafsson is hit by Ludwig Bystrom and loses puck.
7:52 of 3rd period - Slapshot by Boris Katchouk.
7:52 of 3rd period - Goal by Boris Katchouk - Moose : 7 - Barracuda : 4.
7:53 of 3rd period - Dylan Strome wins face-off versus Emil Pettersson in neutral zone.
7:56 of 3rd period - Wrist shot by Kyle Connor.
7:56 of 3rd period - Stopped by Joacim Eriksson without a rebound.
7:57 of 3rd period - Dylan Strome wins face-off versus Emil Pettersson in Barracuda zone.
7:58 of 3rd period - Snap shot by Mathieu Joseph.
7:58 of 3rd period - Shot Blocked by Mac Hollowell.
8:23 of 3rd period - Wrist shot by Jaedon Descheneau.
8:23 of 3rd period - Stopped by Daniel Vladar with a rebound.
8:25 of 3rd period - Slapshot by Mac Hollowell.
8:25 of 3rd period - Shot Blocked by Ludwig Bystrom.
8:29 of 3rd period - Wrist shot by Theodor Blueger.
8:29 of 3rd period - Shot Misses the Net.
8:31 of 3rd period - Slapshot by Mac Hollowell.
8:31 of 3rd period - Deflect By Kurtis Macdermid.
8:31 of 3rd period - Stopped by Daniel Vladar with a rebound.
9:26 of 3rd period - Wrist shot by William Carrier.
9:26 of 3rd period - Stopped by Daniel Vladar without a rebound.
9:27 of 3rd period - William Carrier wins face-off versus Dylan Strome in Moose zone.
9:28 of 3rd period - Slapshot by Emil Pettersson.
9:28 of 3rd period - Deflect By Thomas Gobeil.
9:28 of 3rd period - Shot Blocked by Mathieu Joseph.
9:28 of 3rd period - Puck is out of play.
9:29 of 3rd period - Emil Pettersson wins face-off versus Mathieu Joseph in Moose zone.
9:38 of 3rd period - Wrist shot by Dylan Strome.
9:38 of 3rd period - Stopped by Joacim Eriksson without a rebound.
9:39 of 3rd period - Dylan Strome wins face-off versus Emil Pettersson in Barracuda zone.
9:50 of 3rd period - Slapshot by Eric Gustafsson.
9:50 of 3rd period - Shot Blocked by Ludwig Bystrom.
10:23 of 3rd period - Snap shot by Mathieu Joseph.
10:23 of 3rd period - Goal by Mathieu Joseph - Moose : 8 - Barracuda : 4.
10:24 of 3rd period - Emil Pettersson wins face-off versus Michael McLeod in neutral zone.
10:49 of 3rd period - Jaedon Descheneau is hit by Juuso Valimaki and loses puck.
10:58 of 3rd period - Wrist shot by Theodor Blueger.
10:58 of 3rd period - Shot Blocked by Jake Leschyshyn.
11:30 of 3rd period - Minor Penalty to Nikolai Kovalenko for Hooking.
11:31 of 3rd period - Dylan Strome wins face-off versus Emil Pettersson in Barracuda zone.
11:58 of 3rd period - Nikolay Goldobin is hit by Samuel Groulx and loses puck.
12:30 of 3rd period - Slapshot by Robin Norell.
12:30 of 3rd period - Deflect By Theodor Blueger.
12:30 of 3rd period - Goal by Theodor Blueger - Moose : 8 - Barracuda : 5.
12:31 of 3rd period - Emil Pettersson wins face-off versus Dylan Strome in neutral zone.
12:38 of 3rd period - Snap shot by Emil Pettersson.
12:38 of 3rd period - Deflect By William Carrier.
12:38 of 3rd period - Stopped by Daniel Vladar without a rebound.
12:39 of 3rd period - Dylan Strome wins face-off versus Emil Pettersson in Moose zone.
13:30 of 3rd period - Penalty to Nikolai Kovalenko is over, Nikolai Kovalenko is back on ice.
13:40 of 3rd period - Nelson Nogier is hit by Robin Norell.
13:53 of 3rd period - Kyle Platzer is hit by Anders Bjork and loses puck.
14:14 of 3rd period - Minor Penalty to Jake Leschyshyn for Hooking.
14:15 of 3rd period - Dylan Strome wins face-off versus Emil Pettersson in Moose zone.
14:26 of 3rd period - Slapshot by Eric Gustafsson.
14:26 of 3rd period - Stopped by Daniel Vladar with a rebound.
14:28 of 3rd period - Wrist shot by Thomas Gobeil.
14:28 of 3rd period - Stopped by Daniel Vladar with a rebound.
14:30 of 3rd period - Wrist shot by Emil Pettersson.
14:30 of 3rd period - Stopped by Daniel Vladar without a rebound.
14:31 of 3rd period - Emil Pettersson wins face-off versus Dylan Strome in Moose zone.
14:34 of 3rd period - Slapshot by Eric Gustafsson.
14:34 of 3rd period - Shot Blocked by Ludwig Bystrom.
14:36 of 3rd period - Slapshot by Samuel Groulx.
14:36 of 3rd period - Stopped by Daniel Vladar with a rebound.
14:40 of 3rd period - Snap shot by William Carrier.
14:40 of 3rd period - Stopped by Daniel Vladar without a rebound.
14:41 of 3rd period - Dylan Strome wins face-off versus Emil Pettersson in Moose zone.
14:58 of 3rd period - Snap shot by Emil Pettersson.
14:58 of 3rd period - Shot Misses the Net.
15:00 of 3rd period - Slapshot by Eric Gustafsson.
15:00 of 3rd period - Goal by Eric Gustafsson - Moose : 8 - Barracuda : 6.
15:01 of 3rd period - Chase De Leo wins face-off versus Noah Gregor in neutral zone.
15:04 of 3rd period - Wrist shot by Chase De Leo.
15:04 of 3rd period - Stopped by Joacim Eriksson with a rebound.
15:50 of 3rd period - Snap shot by Dylan Strome.
15:50 of 3rd period - Shot Misses the Net.
15:52 of 3rd period - Slapshot by Matthew Benning.
15:52 of 3rd period - Shot Misses the Net.
15:54 of 3rd period - Wrist shot by Matthew Benning.
15:54 of 3rd period - Deflect By Michael McLeod.
15:54 of 3rd period - Stopped by Joacim Eriksson without a rebound.
15:55 of 3rd period - Noah Gregor wins face-off versus Michael McLeod in Barracuda zone.
16:14 of 3rd period - Snap shot by Michael McLeod.
16:14 of 3rd period - Stopped by Joacim Eriksson with a rebound.
16:39 of 3rd period - Wrist shot by Tomas Jurco.
16:39 of 3rd period - Shot Misses the Net.
16:41 of 3rd period - Snap shot by Nikolay Goldobin.
16:41 of 3rd period - Stopped by Joacim Eriksson with a rebound.
16:43 of 3rd period - Snap shot by Nikolay Goldobin.
16:43 of 3rd period - Stopped by Joacim Eriksson with a rebound.
16:52 of 3rd period - Minor Penalty to Jordan Gross for Holding.
16:53 of 3rd period - Emil Pettersson wins face-off versus Dylan Strome in Barracuda zone.
17:07 of 3rd period - Snap shot by Dylan Strome.
17:07 of 3rd period - Goal by Dylan Strome - Moose : 9 - Barracuda : 6.
17:08 of 3rd period - Dylan Strome wins face-off versus Emil Pettersson in neutral zone.
17:13 of 3rd period - Snap shot by Kyle Connor.
17:13 of 3rd period - Stopped by Joacim Eriksson with a rebound.
17:15 of 3rd period - Snap shot by Ludwig Bystrom.
17:15 of 3rd period - Shot Misses the Net.
17:17 of 3rd period - Snap shot by Matthew Benning.
17:17 of 3rd period - Shot Blocked by Samuel Groulx.
17:19 of 3rd period - Snap shot by Dylan Strome.
17:19 of 3rd period - Stopped by Joacim Eriksson with a rebound.
17:21 of 3rd period - Wrist shot by Kyle Connor.
17:21 of 3rd period - Stopped by Joacim Eriksson with a rebound.
17:33 of 3rd period - Ludwig Bystrom is hit by Samuel Groulx and loses puck.
17:43 of 3rd period - Minor Penalty to Ludwig Bystrom for Slashing.
17:44 of 3rd period - Dylan Strome wins face-off versus Emil Pettersson in Moose zone.
18:39 of 3rd period - Caleb Jones is hit by Mac Hollowell and loses puck.
19:02 of 3rd period - Wrist shot by Anders Bjork.
19:02 of 3rd period - Deflect By Kurtis Macdermid.
19:02 of 3rd period - Shot Misses the Net.
19:02 of 3rd period - Puck is out of play.
19:03 of 3rd period - Theodor Blueger wins face-off versus Dylan Strome in Barracuda zone.
19:35 of 3rd period - Icing by Jaedon Descheneau.
19:36 of 3rd period - Michael McLeod wins face-off versus Theodor Blueger in Barracuda zone.
19:43 of 3rd period - Penalty to Ludwig Bystrom is over, Ludwig Bystrom is back on ice.
19:48 of 3rd period - Icing by Theodor Blueger.
19:49 of 3rd period - Michael McLeod wins face-off versus Theodor Blueger in Barracuda zone.
Goals for this period are 4 for Moose vs 4 for Barracuda.
Shots for this period are 16 for Moose vs 17 for Barracuda.